Workbook

Sheet How to use this template
A1: How to use this template
B2: Save the template (XLT file) to your computer. Double-click on it to create a new plan, then follow these steps:
A3: Step 1 | B3: Set a starting point for your projections
B4: Start date | C4: 42736
A5: Step 2 | B5: Set-up costs
B6: Use the set-up costs sheet to calculate the cost of setting up your business.
A7: Step 3 | B7: Profit and loss forecast
B8: Forecast your month-by-month profit and loss for the first 12 months of operations. Enter sales in the month when they're invoiced, rather than the month when they're paid.
A9: Step 4 | B9: Cash flow forecast
B10: Forecast your month-by-month cash flow for the first 12 months of operations. Enter sales revenue in the month when it's received, rather than the month when it's invoiced.
A12: Step 5 | B12: Balance sheet forecast
B13: Forecast your balance sheet position at the end of the first 12 months of operation. The balance sheet draws on the figures you've entered in your profit and loss forecast.
A14: Step 6 | B14: Break-even analysis
B15: Find out how many sales you need to make in the first 12 months to cover your fixed costs and break even.
A16: Tips
A17: ■ | B17: Enter figures in any white field. The yellow fields are calculated for you.
A18: ■ | B18: Enter as much or as little information as you like. The more information you record, the better your analysis.
A19: ■ | B19: By default, the sheets in this template are locked, so that the formulas cannot be changed. If you are a confident Excel user, you may wish to unlock a sheet and modify it.
A21: Important information
A22: The figures shown in this Financial Forecast spreadsheet are intended as a guide only. It has been prepared without considering your objectives, financial situation or needs. Before acting on the calculations in this spreadsheet, you should consider its appropriateness to your circumstances. We recommend you seek professional advice before acting on the information or calculations contained in it.

Sheet Set-up costs
A1: Set-up costs
A3: Setting up the business
A4: Accountant's fees
A5: Solicitor's fees
A6: Business registration
A7: Domain name registration
A8: Insurance premiums
A9: Licences
A10: Workers compensation
A14: Setting up the premises
A15: Lease deposit and advance rent
A16: Fitout
... A39: Borrowings
A40: Total | B40: =SUM(B38:B39) -> 0
A41: The result
A42: Total set-up costs | B42: =SUM(B4:B36) -> 0
A43: Surplus funds | B43: =IF((B40-B42)>0,B40-B42,"0") -> 0
A44: Borrowings required | B44: =IF((B42-B40)>0,B42-B40,"0") -> 0

Sheet Profit and loss forecast
A1: Profit and loss forecast
B3: ='How to use this template'!C4 -> 42736 | C3: =DATE(YEAR(B3),MONTH(B3)+1,DAY(B3)) -> 42767 | D3: =DATE(YEAR(C3),MONTH(C3)+1,DAY(C3)) -> 42795 | E3: =DATE(YEAR(D3),MONTH(D3)+1,DAY(D3)) -> 42826 | F3: =DATE(YEAR(E3),MONTH(E3)+1,DAY(E3)) -> 42856 | G3: =DATE(YEAR(F3),MONTH(F3)+1,DAY(F3)) -> 42887 | H3: =DATE(YEAR(G3),MONTH(G3)+1,DAY(G3)) -> 42917 | I3: =DATE(YEAR(H3),MONTH(H3)+1,DAY(H3)) -> 42948 | J3: =DATE(YEAR(I3),MONTH(I3)+1,DAY(I3)) -> 42979 | ... M3: =DATE(YEAR(L3),MONTH(L3)+1,DAY(L3)) -> 43070 | N3: Totals
A4: Sales
A5: Sales (invoiced) | N5: =SUM(B5:M5) -> 0
A6: Cost of goods sold | N6: =SUM(B6:M6) -> 0
A7: Gross profit | B7: =B5-B6 -> 0 | C7: =C5-C6 -> 0 | D7: =D5-D6 -> 0 | E7: =E5-E6 -> 0 | F7: =F5-F6 -> 0 | G7: =G5-G6 -> 0 | H7: =H5-H6 -> 0 | I7: =I5-I6 -> 0 | ... N7: =N5-N6 -> 0
A8: Expenses
A9: Accounting fees | N9: =SUM(B9:M9) -> 0
A10: Advertising | N10: =SUM(B10:M10) -> 0
A11: Bank charges | N11: =SUM(B11:M11) -> 0
A12: Bank interest | N12: =SUM(B12:M12) -> 0
A13: Depreciation | N13: =SUM(B13:M13) -> 0
A14: Electricity and gas | N14: =SUM(B14:M14) -> 0
A15: Equipment hire/lease | N15: =SUM(B15:M15) -> 0
A16: Insurance | N16: =SUM(B16:M16) -> 0
A17: Legal fees | N17: =SUM(B17:M17) -> 0
A18: Motor vehicle expenses | N18: =SUM(B18:M18) -> 0
A19: Postage, telephone and fax | N19: =SUM(B19:M19) -> 0
A20: Stationery | N20: =SUM(B20:M20) -> 0
... A28: Workers compensation | N28: =SUM(B28:M28) -> 0
N29: =SUM(B29:M29) -> 0
N30: =SUM(B30:M30) -> 0
N31: =SUM(B31:M31) -> 0
N32: =SUM(B32:M32) -> 0
N33: =SUM(B33:M33) -> 0
N34: =SUM(B34:M34) -> 0
N35: =SUM(B35:M35) -> 0
N36: =SUM(B36:M36) -> 0
N37: =SUM(B37:M37) -> 0
A38: Total | B38: =SUM(B9:B37) -> 0 | C38: =SUM(C9:C37) -> 0 | D38: =SUM(D9:D37) -> 0 | E38: =SUM(E9:E37) -> 0 | F38: =SUM(F9:F37) -> 0 | G38: =SUM(G9:G37) -> 0 | H38: =SUM(H9:H37) -> 0 | I38: =SUM(I9:I37) -> 0 | ... M38: =SUM(M9:M37) -> 0 | N38: =SUM(B38:M38) -> 0
A39: Result
A40: Net profit | B40: =B7-B38 -> 0 | C40: =C7-C38 -> 0 | D40: =D7-D38 -> 0 | E40: =E7-E38 -> 0 | F40: =F7-F38 -> 0 | G40: =G7-G38 -> 0 | H40: =H7-H38 -> 0 | I40: =I7-I38 -> 0 | ... N40: =N7-N38 -> 0
A41: Gross profit margin | B41: =IF(ISERROR(B7/B5)," ",B7/B5) | C41: =IF(ISERROR(C7/C5)," ",C7/C5) | D41: =IF(ISERROR(D7/D5)," ",D7/D5) | E41: =IF(ISERROR(E7/E5)," ",E7/E5) | F41: =IF(ISERROR(F7/F5)," ",F7/F5) | G41: =IF(ISERROR(G7/G5)," ",G7/G5) | H41: =IF(ISERROR(H7/H5)," ",H7/H5) | I41: =IF(ISERROR(I7/I5)," ",I7/I5) | ... N41: =IF(ISERROR(N7/N5)," ",N7/N5)
A42: Net profit margin | B42: =IF(ISERROR(B40/B5)," ",B40/B5) | C42: =IF(ISERROR(C40/C5)," ",C40/C5) | D42: =IF(ISERROR(D40/D5)," ",D40/D5) | E42: =IF(ISERROR(E40/E5)," ",E40/E5) | F42: =IF(ISERROR(F40/F5)," ",F40/F5) | G42: =IF(ISERROR(G40/G5)," ",G40/G5) | H42: =IF(ISERROR(H40/H5)," ",H40/H5) | I42: =IF(ISERROR(I40/I5)," ",I40/I5) | ... N42: =IF(ISERROR(N40/N5)," ",N40/N5)

Sheet Cash flow forecast
A1: Cash flow forecast
B3: ='How to use this template'!C4 -> 42736 | C3: =DATE(YEAR(B3),MONTH(B3)+1,DAY(B3)) -> 42767 | D3: =DATE(YEAR(C3),MONTH(C3)+1,DAY(C3)) -> 42795 | E3: =DATE(YEAR(D3),MONTH(D3)+1,DAY(D3)) -> 42826 | F3: =DATE(YEAR(E3),MONTH(E3)+1,DAY(E3)) -> 42856 | G3: =DATE(YEAR(F3),MONTH(F3)+1,DAY(F3)) -> 42887 | H3: =DATE(YEAR(G3),MONTH(G3)+1,DAY(G3)) -> 42917 | I3: =DATE(YEAR(H3),MONTH(H3)+1,DAY(H3)) -> 42948 | J3: =DATE(YEAR(I3),MONTH(I3)+1,DAY(I3)) -> 42979 | ... M3: =DATE(YEAR(L3),MONTH(L3)+1,DAY(L3)) -> 43070 | N3: Totals
A4: Starting cash position | C4: =B22 | D4: =C22 | E4: =D22 | F4: =E22 | G4: =F22 | H4: =G22 | I4: =H22 | J4: =I22 | ... M4: =L22
A5: Incoming
A6: Cash sales | N6: =B6+C6+D6+E6+F6+G6+H6+I6+J6+K6+L6+M6 -> 0
A7: Collections from accounts receivable | N7: =B7+C7+D7+E7+F7+G7+H7+I7+J7+K7+L7+M7 -> 0
A8: Other cash receipts | N8: =B8+C8+D8+E8+F8+G8+H8+I8+J8+K8+L8+M8 -> 0
A9: Total | B9: =IF(AND(ISBLANK(B6),ISBLANK(B7),ISBLANK(B8)),"",SUM(B6:B8)) | C9: =IF(AND(ISBLANK(C6),ISBLANK(C7),ISBLANK(C8)),"",SUM(C6:C8)) | D9: =IF(AND(ISBLANK(D6),ISBLANK(D7),ISBLANK(D8)),"",SUM(D6:D8)) | E9: =IF(AND(ISBLANK(E6),ISBLANK(E7),ISBLANK(E8)),"",SUM(E6:E8)) | F9: =IF(AND(ISBLANK(F6),ISBLANK(F7),ISBLANK(F8)),"",SUM(F6:F8)) | G9: =IF(AND(ISBLANK(G6),ISBLANK(G7),ISBLANK(G8)),"",SUM(G6:G8)) | H9: =IF(AND(ISBLANK(H6),ISBLANK(H7),ISBLANK(H8)),"",SUM(H6:H8)) | I9: =IF(AND(ISBLANK(I6),ISBLANK(I7),ISBLANK(I8)),"",SUM(I6:I8)) | ... M9: =IF(AND(ISBLANK(M6),ISBLANK(M7),ISBLANK(M8)),"",SUM(M6:M8)) | N9: =SUM(N6:N8) -> 0
A10: Outgoing
A11: Fixed costs | B11: =SUM(B12:B14) -> 0 | C11: =SUM(C12:C14) -> 0 | D11: =SUM(D12:D14) -> 0 | E11: =SUM(E12:E14) -> 0 | F11: =SUM(F12:F14) -> 0 | G11: =SUM(G12:G14) -> 0 | H11: =SUM(H12:H14) -> 0 | I11: =SUM(I12:I14) -> 0 | ... M11: =SUM(M12:M14) -> 0 | N11: =B11+C11+D11+E11+F11+G11+H11+I11+J11+K11+L11+M11 -> 0
A12: Administration
A13: Marketing
A14: Operations
A15: Variable costs | B15: =SUM(B16:B18) -> 0 | C15: =SUM(C16:C18) -> 0 | D15: =SUM(D16:D18) -> 0 | E15: =SUM(E16:E18) -> 0 | F15: =SUM(F16:F18) -> 0 | G15: =SUM(G16:G18) -> 0 | H15: =SUM(H16:H18) -> 0 | I15: =SUM(I16:I18) -> 0 | ... M15: =SUM(M16:M18) -> 0 | N15: =B15+C15+D15+E15+F15+G15+H15+I15+J15+K15+L15+M15 -> 0
A16: Administration
A17: Marketing
A18: Operations
A19: Total | B19: =IF(AND(ISBLANK(B11),ISBLANK(B15)),"",SUM(B11+B15)) -> 0 | C19: =IF(AND(ISBLANK(C11),ISBLANK(C15)),"",SUM(C11+C15)) -> 0 | D19: =IF(AND(ISBLANK(D11),ISBLANK(D15)),"",SUM(D11+D15)) -> 0 | E19: =IF(AND(ISBLANK(E11),ISBLANK(E15)),"",SUM(E11+E15)) -> 0 | F19: =IF(AND(ISBLANK(F11),ISBLANK(F15)),"",SUM(F11+F15)) -> 0 | G19: =IF(AND(ISBLANK(G11),ISBLANK(G15)),"",SUM(G11+G15)) -> 0 | H19: =IF(AND(ISBLANK(H11),ISBLANK(H15)),"",SUM(H11+H15)) -> 0 | I19: =IF(AND(ISBLANK(I11),ISBLANK(I15)),"",SUM(I11+I15)) -> 0 | ... M19: =IF(AND(ISBLANK(M11),ISBLANK(M15)),"",SUM(M11+M15)) -> 0 | N19: =SUM(N11:N15) -> 0
A20: Result
A21: Change during month | B21: =IF(ISERR(B9-B19),"",(B9-B19)) | C21: =IF(ISERR(C9-C19),"",(C9-C19)) | D21: =IF(ISERR(D9-D19),"",(D9-D19)) | E21: =IF(ISERR(E9-E19),"",(E9-E19)) | F21: =IF(ISERR(F9-F19),"",(F9-F19)) | G21: =IF(ISERR(G9-G19),"",(G9-G19)) | H21: =IF(ISERR(H9-H19),"",(H9-H19)) | I21: =IF(ISERR(I9-I19),"",(I9-I19)) | ... M21: =IF(ISERR(M9-M19),"",(M9-M19))
A22: Closing cash position | B22: =IF(ISERR(B4+B21),"",B4+B21) | C22: =IF(ISERR(C4+C21),"",C4+C21) | D22: =IF(ISERR(D4+D21),"",D4+D21) | E22: =IF(ISERR(E4+E21),"",E4+E21) | F22: =IF(ISERR(F4+F21),"",F4+F21) | G22: =IF(ISERR(G4+G21),"",G4+G21) | H22: =IF(ISERR(H4+H21),"",H4+H21) | I22: =IF(ISERR(I4+I21),"",I4+I21) | ... M22: =IF(ISERR(M4+M21),"",M4+M21)

Sheet Balance sheet forecast
A1: Balance sheet forecast
A2: As at | B2: ='Profit and loss forecast'!M3 -> 43070
A3: Assets
A4: Current assets | D4: =SUM(D5:D16) -> 0
A5: Cash
A6: Petty cash
A7: Accounts receivable
A8: Stock
A9: Short-term investment
A10: Prepaid expenses
A11: Long-term investment
A17: Fixed assets | D17: =SUM(D18:D28) -> 0
A18: Land
A19: Buildings
A20: Improvements
A21: Equipment
A22: Furniture
A23: Motor/vehicles
A29: Total assets | D29: =D4+D17 -> 0
A30: Liabilities
A31: Current liabilities | D31: =SUM(D32:D42) -> 0
A32: Accounts payable
A33: Interest payable
A34: Taxes payable
A35: Income tax
A36: Sales tax
A37: Payroll accrual
A43: Long-term liabilities | D43: =SUM(D44:D49) -> 0
A44: Borrowings
A50: Total liabilities | D50: =D31+D43 -> 0
A51: Net assets | D51: =D29-D50 -> 0
A52: Owner's equity | D52: =IF(D51=D55," ","Does not balance by " & DOLLAR(D55-D51,0))
A53: Retained earnings
A54: Current year earnings | D54: ='Profit and loss forecast'!N40 -> 0
A55: Total equity (should equal net assets) | D55: =SUM(D53:D54) -> 0

Sheet Break-even analysis
A1: Break-even analysis
A3: Average selling price per unit
A4: Average cost of each unit
A5: Gross profit margin | B5: =IF(ISERROR((B3-B4)/B3)," ",(B3-B4)/B3)
A6: Fixed costs | B6: ='Profit and loss forecast'!N38 -> 0
A7: Dollar sales to break even | B7: =IF(ISERROR(B6/B5), " ",B6/B5)
A8: Number of unit sales to break even | B8: =IF(ISERROR(B7/B3)," ",B7/B3)
